 Dungeon Crawl Stone Soup version 0.18-a0-42-g56b16cb (webtiles) character file.

4016 P0WERM0DE the Grappler (level 10, 0/100 HPs)
             Began as a Troll Warper on Nov 6, 2015.
             Was a Follower of Ru.
             Slain by a gnoll
             ... wielding a +0 flail
              (9 damage)
             ... on level 7 of the Dungeon.
             The game lasted 00:19:14 (7716 turns).

P0WERM0DE the Grappler (Troll Warper)               Turns: 7716, Time: 00:19:17

Health: 0/100      AC:  6    Str: 21    XL:     10   Next: 3%
Magic:  10/10      EV: 10    Int: 13    God:    Ru [*.....]
Gold:   401        SH:  0    Dex: 12    Spells: 3 memorised, 5 levels left

rFire  . . .     SeeInvis .       - Unarmed
rCold  . . .     Clarity  +     a - +0 robe
rNeg   . . .     SustAt   .     (no shield)
rPois  .         Gourm    +     (helmet restricted)
rElec  .         Spirit   .     r - +0 cloak
rCorr  .         Warding  .     (gloves unavailable)
rMut   .         Stasis   .     (boots unavailable)
MR     +....                    (no amulet)
Stlth  +.........               F - ring of protection from magic
                                f - +4 ring of intelligence

@: lethally poisoned (0 -> -17), very slightly contaminated, invisible, somewhat
resistant to hostile enchantments, very unstealthy
A: unfitting armour, claws 3, clarity, fast metabolism 3, gourmand, regeneration
2, shaggy fur 1, tough skin 2, missing an eye
a: Renounce Religion


You were on level 7 of the Dungeon.
You worshipped Ru.
Ru was aware of your devotion.
You were completely stuffed.

You visited 2 branches of the dungeon, and saw 9 of its levels.

You collected 401 gold pieces.

Inventory:

Hand Weapons
 E - a +1 trident of flaming
 O - a +3 dire flail
 R - a +0 giant spiked club
Missiles
 d - 5 tomahawks of dispersal (quivered)
 k - 345 stones
 n - 6 curare-tipped needles
 K - 19 poisoned needles
Armour
 a - a +0 robe (worn)
 r - a +0 cloak (worn)
 s - a +0 shield
Jewellery
 f - a +4 ring of intelligence (left claw)
 F - a ring of protection from magic (right claw)
 H - an uncursed ring of flight
Wands
 w - a wand of slowing (17)
 T - a wand of paralysis (6)
Scrolls
 c - a scroll of blinking
 h - 2 scrolls of fear {unknown}
 i - 8 scrolls of identify {unknown}
 j - 2 scrolls of random uselessness {unknown}
 l - 2 scrolls of immolation {unknown}
 p - 2 scrolls of noise {unknown}
 q - a scroll of fog {unknown}
 t - 5 scrolls of teleportation {unknown}
 u - 3 scrolls of remove curse {unknown}
 v - a scroll of enchant weapon {unknown}
 y - a scroll of magic mapping {unknown}
 J - a scroll of vulnerability {unknown}
 L - a scroll of recharging {unknown}
 P - a scroll of holy word {unknown}
Potions
 g - 2 potions of cure mutation
 m - a potion of haste {unknown}
 x - a potion of degeneration {unknown}
 A - a potion of agility
 M - a potion of brilliance {unknown}
 N - a potion of berserk rage {unknown}
Books
 b - a book of Spatial Translocations

   Spells                             Type                      Level
   a - Apportation                    Translocation                1
   b - Blink                          Translocation                2
   c - Shroud of Golubria             Charms/Translocation         2
   d - Portal Projectile              Translocation                3
   e - Teleport Other                 Translocation                3
   f - Passage of Golubria            Translocation                4
 G - a book of Necromancy

   Spells                             Type                      Level
   a - Pain                           Necromancy                   1
   b - Animate Skeleton               Necromancy                   1
   c - Vampiric Draining              Necromancy                   3
   d - Regeneration                   Charms/Necromancy            3
   e - Animate Dead                   Necromancy                   4
   f - Control Undead                 Necromancy                   4
 I - a book of Maledictions

   Spells                             Type                      Level
   a - Corona                         Hexes                        1
   b - Ensorcelled Hibernation        Hexes/Ice                    2
   c - Confuse                        Hexes                        3
   d - Tukima's Dance                 Hexes                        3
   e - Dazzling Spray                 Conjuration/Hexes            3
 Q - a book of Summonings

   Spells                             Type                      Level
   a - Recall                         Summoning/Translocation      3
   b - Aura of Abjuration             Summoning                    5
   c - Shadow Creatures               Summoning                    5
   d - Summon Demon                   Summoning                    5
   e - Summon Forest                  Summoning/Translocation      5
   f - Summon Mana Viper              Hexes/Summoning              5
Comestibles
 e - 9 bread rations
 o - 7 chunks of flesh
 z - a meat ration
 C - 3 fruits
 D - a beef jerky


   Skills:
 * Level 6.8 Fighting
 - Level 0.8 Throwing
 - Level 1.9 Dodging
 - Level 12.1 Unarmed Combat
 - Level 1.2 Spellcasting
 - Level 2.1 Translocations


You had 5 spell levels left.
You knew the following spells:

 Your Spells              Type           Power        Failure   Level  Hunger
a - Apportation           Tloc           #.........   12%         1    ##.....
b - Blink                 Tloc           N/A          17%         2    ###....
c - Regeneration          Chrm/Necr      #.........   86%         3    ####...


Dungeon Overview and Level Annotations

Branches:
Dungeon (8/15)             Temple (1/1) D:4
   Lair: D:8-11

Altars:
Ashenzari
Cheibriados
Dithmenos
Elyvilon
Fedhas
Gozag
Kikubaaqudgha
Makhleb
Nemelex Xobeh
Okawaru
Qazlal
Ru
Trog
Vehumet
Xom
Yredelemnul
Zin
The Shining One
Lugonu


Innate Abilities, Weirdness & Mutations

You are too large for most types of armour.
You have claws for hands.
Your metabolism is lightning-fast.
You like to eat raw meat.
You heal very quickly.
You are covered in fur (AC +1).
You have very tough skin (AC +2).
You are missing an eye, making it more difficult to aim.
You possess an exceptional clarity of mind.


Message History

A centaur comes into view.
You miss the gnoll.
The gnoll is heavily wounded.
You feel sick.
The centaur moves out of view.
The gnoll closely misses you.
You miss the gnoll.
The gnoll is moderately wounded.
You feel sick. The gnoll closely misses you.
You miss the gnoll.
The gnoll is moderately wounded.
You feel sick.
The gnoll hits you with a spear of venom.
* * * LOW HITPOINT WARNING * * *
You are lethally poisoned!
You strike the helpless gnoll from behind!
You claw the gnoll!
You kill the gnoll!
* * * LOW HITPOINT WARNING * * *
You feel very sick. The gnoll hits you with a flail!
You die...

### #####################
..# #.....[..#@.......>.#
..# #......>.g)......)..#
..# #........#..........#
.## #.......##...##.....#
### ##......#######.....#
..# ##......##...########
..# #...................##
.#######...................#
.#.....#...................#


You could see a gnoll.

Vanquished Creatures
  An ugly thing (D:8)
  An orc knight (D:8)
  A spriggan (D:8)
  A hungry ghost (D:7)
  Menkaure (D:6)
  4 wargs (D:8)
  A phantom (D:8)
  A black bear (D:8)
  A sky beast (D:6)
  An orc warrior (D:8)
  A centaur (D:6)
  6 ogres
  Blork the orc (D:6)
  A gnoll sergeant (D:7)
  2 giant frogs
  4 wights (D:6)
  2 crimson imps
  A hound (D:7)
  7 orc wizards
  A giant frog zombie (D:5)
  A jelly (D:5)
  A giant frog skeleton (D:8)
  An orc priest (D:4)
  2 iguanas
  6 worker ants
  A worker ant zombie (D:6)
  9 adders
  3 gnolls (D:7)
  A shadow imp (D:6)
  An ooze (D:1)
  2 worms
  4 giant geckos
  39 orcs
  5 giant cockroaches
  7 goblins
  2 hobgoblins
  15 jackals
  5 quokkas
  A ball python (D:1)
  10 bats
  A giant gecko zombie (D:7)
  5 giant newts
  7 kobolds
  2 quokka skeletons (D:7)
  7 rats
177 creatures vanquished.

Vanquished Creatures (others)
  A plant (D:8)
1 creature vanquished.

Grand Total: 178 creatures vanquished

Notes
Turn   | Place    | Note
--------------------------------------------------------------
     0 | D:1      | P0WERM0DE the Troll Warper began the quest for the Orb.
     0 | D:1      | Reached XP level 1. HP: 19/19 MP: 1/1
    45 | D:1      | Reached XP level 2. HP: 15/27 MP: 2/2
   311 | D:1      | Reached skill level 3 in Unarmed Combat
   718 | D:2      | Reached XP level 3. HP: 24/33 MP: 3/3
   994 | D:2      | Found an ancient bone altar of Kikubaaqudgha.
   999 | D:2      | Found a blossoming altar of Fedhas.
  1167 | D:2      | Reached skill level 4 in Unarmed Combat
  1614 | D:3      | Reached XP level 4. HP: 24/41 MP: 4/4
  2291 | D:4      | Found a staircase to the Ecumenical Temple.
  2353 | Temple   | Entered the Ecumenical Temple
  2374 | Temple   | Became a worshipper of Ru the Awakened
  2503 | D:4      | Reached skill level 5 in Unarmed Combat
  2507 | D:4      | Reached XP level 5. HP: 35/48 MP: 5/5
  2656 | D:4      | Reached skill level 6 in Unarmed Combat
  2880 | D:4      | Found a shadowy altar of Dithmenos.
  2962 | D:5      | Entered Level 5 of the Dungeon
  2989 | D:5      | Reached XP level 6. HP: 55/55 MP: 6/6
  3019 | D:5      | Learned a level 2 spell: Blink
  3023 | D:5      | Learned a level 3 spell: Regeneration
  3327 | D:5      | Gained mutation: You are missing an eye, making it more difficult to aim. [Ru sacrifice]
  3327 | D:5      | Reached * piety under Ru
  3443 | D:5      | Found a shattered altar of Ashenzari.
  3450 | D:5      | Found a shimmering altar of Xom.
  3466 | D:5      | Found a sparkling altar of Nemelex Xobeh.
  3469 | D:5      | Found a basalt altar of Yredelemnul.
  3579 | D:5      | Found a glowing golden altar of the Shining One.
  3580 | D:5      | Found a white marble altar of Elyvilon.
  3588 | D:5      | Reached skill level 7 in Unarmed Combat
  3598 | D:5      | Found a glowing silver altar of Zin.
  3863 | D:5      | Reached XP level 7. HP: 19/62 MP: 7/7
  4113 | D:6      | Reached skill level 8 in Unarmed Combat
  4219 | D:6      | Gained mutation: You possess an exceptional clarity of mind. [mutagenic meat]
  4522 | D:6      | Reached skill level 9 in Unarmed Combat
  4598 | D:6      | Noticed Menkaure
  4603 | D:6      | Killed Menkaure
  4722 | D:6      | Reached XP level 8. HP: 53/70 MP: 8/8
  4886 | D:6      | Noticed Blork the orc
  4899 | D:6      | Killed Blork the orc
  5367 | D:6      | Reached skill level 10 in Unarmed Combat
  5823 | D:7      | Reached skill level 11 in Unarmed Combat
  6099 | D:8      | Reached XP level 9. HP: 21/76 MP: 9/9
  6192 | D:8      | Reached skill level 12 in Unarmed Combat
  6546 | D:8      | Found a white marble altar of Elyvilon.
  6832 | D:8      | Noticed a green ugly thing
  6861 | D:8      | Killed a green ugly thing
  6861 | D:8      | Reached skill level 5 in Fighting
  6956 | D:8      | Noticed an orc knight
  7537 | D:8      | Killed an orc knight
  7537 | D:8      | Reached XP level 10. HP: 53/100 MP: 10/10
  7716 | D:7      | Slain by a gnoll

Vault maps used:
D:1:      dpeg_arrival_yet_another_circle
D:2:      grunt_temple_overflow_growth_and_decay
D:4:      lemuel_doored_altar, minmay_temple_entry_poolview, first_bread
D:5:      good_gods_temple_1, grunt_temple_overflow_cloverleaf
D:6:      serial_park_tiny_2, uniq_menkaure, uniq_blork_the_orc
D:7:      tgw_sif
D:8:      lemuel_castle_with_subvaults, basic_altar, serial_shops, shop,
          the_bakery, st_stairs_4
Temple:   corrupted_temple

Action                   |  1- 3 |  4- 6 |  7- 9 | 10-12 || total
-------------------------+-------+-------+-------+-------++-------
Melee: Unarmed           |   144 |   169 |   344 |    38 ||   695
Throw: Tomahawk          |       |       |    17 |       ||    17
Invok: Sacrifice an Eye  |       |     1 |       |       ||     1
       Reject Sacrifices |       |       |     1 |       ||     1
Evoke: Wand              |       |       |     2 |       ||     2
  Use: Potion            |       |     3 |     3 |     1 ||     7
 Stab: Sleeping          |     1 |     1 |       |       ||     2
       Invisible         |       |       |       |     4 ||     4
  Eat: Chunk             |    16 |    19 |    36 |     4 ||    75
       Bread ration      |     1 |       |     2 |       ||     3
